 Dungeon Crawl Stone Soup version bcrawl-1.29.2 (console) character file.

Game seed: 3733313790897634030

219874 GodsVoicemail the Archer (level 8, -5/61 HPs)
             Began as a Centaur Hunter on Feb 25, 2021.
             Was a Follower of Okawaru.
             Shot with an arrow by a centaur warrior (23 damage)
             ... on level 7 of the Dungeon.
             The game lasted 00:32:13 (6589 turns).

GodsVoicemail the Archer (Centaur Hunter)           Turns: 6589, Time: 00:32:14

Health: -5/61      AC: 11    Str: 17    XL:     8   Next: 76%
Magic:  9/9        EV:  8    Int: 11    God:    Okawaru [*.....]
Gold:   218        SH:  0    Dex: 12    Spells: 7/7 levels left

rFire    . . .     SeeInvis .   a - +2 shortbow
rCold    . . .     Gourm    .   (shield currently unavailable)
rNeg     . . .     Faith    .   k - +4 ring mail
rPois    .         Spirit   .   o - +0 helmet
rElec    .         Reflect  .   (no cloak)
rCorr    .         Harm     .   t - +0 pair of gloves
MR       .....                  (no barding)
Stlth    ++........             (no amulet)
HPRegen  0.20/turn              w - ring of stealth
MPRegen  0.11/turn              (no ring)

@: very quick
A: large, hooves 3, deformed body, herbivore, speed 2, tough skin 3
a: Heroism, Renounce Religion


You were on level 7 of the Dungeon.
You worshipped Okawaru.
Okawaru was aware of your devotion.
You were hungry.

You visited 2 branches of the dungeon, and saw 8 of its levels.

You collected 251 gold pieces.
You spent 33 gold pieces at shops.

Inventory:

Hand Weapons
 a - a +2 shortbow (weapon)
Missiles
 d - 454 arrows (quivered)
 h - 368 poisoned needles
 j - 2487 stones
 q - 832 sling bullets
 r - 307 bolts
 y - 92 poisoned tomahawks
 F - 27 curare-tipped needles
 H - 84 tomahawks of dispersal {=f}
Armour
 c - a +0 leather armour
 k - a +4 ring mail (worn)
 o - a +0 helmet (worn)
 t - a +0 pair of gloves (worn)
Jewellery
 w - a ring of stealth (left hand)
 C - an uncursed amulet of the acrobat {unknown}
 E - an uncursed ring of positive energy {unknown}
Wands
 n - a wand of acid (2)
 G - a wand of flame (20)
Scrolls
 b - a scroll of amnesia {unknown}
 f - 4 scrolls of fog {unknown}
 g - 3 scrolls of magic mapping {unknown}
 i - 8 scrolls of identify
 u - 3 scrolls of teleportation
 v - 3 scrolls of remove curse {unknown}
 x - a scroll of enchant armour {unknown}
 z - a scroll of noise {unknown}
 A - a scroll of fear {unknown}
 D - 2 scrolls of blinking {unknown}
 I - 2 scrolls of immolation {unknown}
 J - a scroll of enchant weapon {unknown}
 K - a scroll of summoning {unknown}
Potions
 l - 3 potions of resistance {unknown}
 m - a potion of flight {unknown}
 p - 6 potions of curing {unknown}
 s - a potion of invisibility {unknown}
 B - 2 potions of degeneration {unknown}
 L - a potion of experience {unknown}
Comestibles
 e - 6 rations {!d}


   Skills:
 - Level 2.1 Fighting
 * Level 11.1 Bows
 + Level 2.2 Throwing
 - Level 1.3 Dodging
 - Level 0.5 Stealth
 * Level 7.6 Unarmed Combat
 + Level 1.6 Invocations


You had 7 spell levels left.
You didn't know any spells.
Your spell library was empty.

Dungeon Overview and Level Annotations

Branches:
Dungeon (7/12)             Temple (1/1) D:6
   Lair: D:7-9

Altars:
Ashenzari
Cheibriados
Elyvilon
Gozag
Hepliaklqana
Kikubaaqudgha
Makhleb
Nemelex Xobeh
Okawaru
Ru
Wu Jian
Xom
Yredelemnul
The Shining One

Shops:
D:4 (   D:5 ?*=   D:6 %

Annotations:
D:6 exclusion: downstairs
D:7 exclusion: hungry ghost


Innate Abilities, Weirdness & Mutations

You have hooves in place of feet.
Armour fits poorly on your strangely shaped body.
You are a herbivore.
You cover ground very quickly.
You have extremely tough skin. (AC +3)


Message History

Firing (i - inventory. (/) - cycle)
d - 455 arrows (quivered)
Press: ? - help, Shift-Dir - straight line, f/p - hungry ghost
Aim: a hungry ghost (heavily damaged)
You shoot an arrow.
The arrow barely misses the hungry ghost.
A centaur warrior comes into view.
You have encountered a dangerous foe!
The centaur warrior moves out of view.
The centaur warrior shouts!
You hear a shout!
The centaur warrior wields a +0 shortbow.
The centaur warrior shoots an arrow.
The arrow hits you.
You see here a grey potion.
L - a grey potion The centaur warrior shoots an arrow.
The arrow hits you!
The centaur warrior shoots an arrow.
The arrow hits you!
The centaur warrior shoots an arrow.
The arrow hits you!!
* * * LOW HITPOINT WARNING * * *
There is a stone staircase leading up, spattered with blood here.
The centaur warrior shoots an arrow.
The arrow hits you!!
You die...

#####...............###
#......................#
#..................#...#
#......................#
..................##...#
..[....$#..?O.W....#.####
.......................(#
O.......#...............#
...........@..........!#
......................#
....c.............W..#
.........###.##...<(.#
.....##..# .##..$...#
..... #... .##......# ..)
.... #......# ##.#
########


You could see a centaur warrior, a hungry ghost and an ogre.

Vanquished Creatures
  A sky beast (D:5)
  A black bear (D:6)
  2 ice beasts
  A phantom (D:5)
  2 ogres
  2 bullfrogs (D:6)
  3 scorpions
  2 killer bees
  A crimson imp (D:4)
  A bullfrog skeleton (D:7)
  A hound (D:5)
  An orc priest (D:4)
  A jelly (D:6)
  2 iguanas
  Terence (D:3)
  5 orc wizards
  4 worker ants
  A hound zombie (D:6)
  A howler monkey zombie (D:5)
  10 adders
  2 shadow imps (D:6)
  An ooze (D:2)
  2 adder skeletons (D:5)
  4 worms
  5 dart slugs
  3 leopard geckos
  29 orcs
  7 bats
  5 giant cockroaches
  5 goblins
  8 hobgoblins
  2 quokkas (D:3)
  2 ball pythons
  A frilled lizard (D:1)
  12 kobolds
  4 rats
135 creatures vanquished.

Notes
Turn   | Place    | Note
-------+----------+-------------------------------------------
     0 | D:1      | GodsVoicemail the Centaur Hunter began the quest for the
                  | Orb.
     0 | D:1      | Reached XP level 1. HP: 17/17 MP: 1/1
   210 | D:1      | Reached skill level 1 in Unarmed Combat
   210 | D:1      | Reached XP level 2. HP: 18/24 MP: 2/2
   460 | D:1      | Reached skill level 6 in Bows
   515 | D:1      | Reached XP level 3. HP: 24/29 MP: 3/3
  1176 | D:2      | Found a basalt altar of Yredelemnul.
  1278 | D:2      | Found a glowing golden altar of the Shining One.
  2380 | D:3      | Found a snail-covered altar of Cheibriados.
  2400 | D:3      | Reached XP level 4. HP: 35/36 MP: 4/4
  2647 | D:3      | Noticed Terence
  2839 | D:3      | Reached skill level 7 in Bows
  2839 | D:3      | Reached XP level 5. HP: 31/41 MP: 5/5
  3509 | D:4      | Found Topnoah's Weapon Shoppe.
  3578 | D:4      | Reached XP level 6. HP: 48/48 MP: 6/6
  3721 | D:3      | Killed Terence
  3896 | D:4      | Reached skill level 8 in Bows
  4029 | D:4      | Found a white marble altar of Elyvilon.
  4035 | D:4      | Found a shattered altar of Ashenzari.
  4219 | D:5      | Entered Level 5 of the Dungeon
  4224 | D:5      | Noticed a sky beast
  4248 | D:5      | Noticed an ice beast
  4367 | D:5      | Found Woforch's Jewellery Shop.
  4399 | D:5      | Reached skill level 5 in Unarmed Combat
  4399 | D:5      | Reached XP level 7. HP: 51/55 MP: 7/7
  4420 | D:4      | Reached skill level 9 in Bows
  4485 | D:5      | Found Xakeys's Assorted Antiques.
  4791 | D:5      | Found Laidisai's Magic Scroll Shop.
  4799 | D:5      | Bought a scroll of teleportation for 33 gold pieces
  5027 | D:5      | Reached skill level 10 in Bows
  5027 | D:5      | Reached XP level 8. HP: 48/61 MP: 8/8
  5686 | D:6      | Found a staircase to the Ecumenical Temple.
  5695 | Temple   | Entered the Ecumenical Temple
  5777 | Temple   | Became a worshipper of Warmaster Okawaru
  5866 | D:6      | Reached skill level 1 in Throwing
  6093 | D:6      | Found Miss's Food Boutique.
  6249 | D:7      | Noticed a troll
  6335 | D:6      | Reached skill level 1 in Invocations
  6442 | D:5      | Reached skill level 11 in Bows
  6513 | D:6      | Reached * piety under Okawaru
  6582 | D:7      | Noticed a centaur warrior
  6589 | D:7      | Shot with an arrow by a centaur warrior

Skill      XL: |  1  2  3  4  5  6  7  8 |
---------------+-------------------------+-----
Unarmed Combat | 1 2 3 4 5 6 7 |  7.6
Bows           | 6 7 8 10 11 | 11.1
Throwing       | 2 |  2.2
Invocations    | 1 |  1.6
Fighting       | |  2.1
Dodging        | |  1.3
Stealth        | |  0.5

Action                   |  1- 3 |  4- 6 |  7- 9 || total
-------------------------+-------+-------+-------++-------
Melee: Short sword       |   103 |       |       ||   103
       Kick              |    38 |    49 |    38 ||   125
       Unarmed           |    75 |   174 |   137 ||   386
       Punch             |     1 |     1 |     4 ||     6
 Fire: Shortbow          |       |    30 |    44 ||    74
Throw: Stone             |     1 |     2 |    16 ||    19
       Tomahawk          |       |    11 |     9 ||    20
  Use: Potion            |       |       |     1 ||     1
 Stab: Sleeping          |       |       |     1 ||     1
  Eat: Ration            |     2 |     2 |     3 ||     7
Armor: Leather armour    |    42 |       |       ||    42
       Ring mail         |    44 |    75 |    64 ||   183
Dodge: Dodged            |    67 |    63 |    53 ||   183
